[Event "4NCL 2023-2024"]
[Site "Daventry"]
[Date "2024.05.05"]
[Round "10.37"]
[White "Badacsonyi, Stanley"]
[Black "Slaby, Jerzy"]
[Result "0-1"]
[ECO "D00"]
[WhiteElo "2156"]
[BlackElo "2465"]
[Annotator "TA"]
[PlyCount "62"]
[EventDate "2023.11.11"]
[EventType "team-tourn"]
[EventCountry "ENG"]
[SourceTitle "playchess.com"]
[Source "ChessBase"]
[SourceQuality "1"]
[TimeControl "40/6000+30:3000+30"]

1. d4 g6 2. Nc3 d5 3. Bf4 Bg7 4. e3 Nf6 5. h4 h5 6. Nf3 O-O 7. Ne5 c5 8. Qd2 {[%emt 0:00:05] The position is equal.} Be6 9. f3 a6 10. Rd1 c4 11. b3 cxb3 12. cxb3 Nbd7 13. b4 ({White should play} 13. Kf2) 13... a5 14. Na4 (14. Nxd7 $11 {keeps the balance.} Bxd7 (14... Nxd7 15. Nb5 $11) (14... Qxd7 15. b5 $11) 15. b5) 14... axb4 $17 15. Qxb4 {[%emt 0:00:06] [#]} Qa5 $1 16. Qxa5 Rxa5 17. Nc3 Rc8 18. Kd2 Ra3 19. Rc1 Nb6 (19... Nxe5 $17 20. Bxe5 Bh6) 20. Bd3 Ne8 21. Rc2 Nd6 $36 {[%emt 0:00:49][%mdl 2048] White is under pressure.} 22. Rb1 Bxe5 23. dxe5 Ndc4+ {[%emt 0:00:37] Excellent horsemanship.} 24. Ke2 Nd7 25. Bxc4 (25. Rb5 $11 {remains equal.} Ncxe5 26. Nxd5 Rxc2+ 27. Bxc2) 25... Rxc4 26. Rb3 Ra8 {[%emt 0:01:42] And now ...Nc5 would win. Black is more active.} 27. Kd2 $2 {[%emt 0:05:10] [#] This costs White the game.} (27. Rxb7 $2 {too greedy.} Rac8 28. Kd2 d4 29. exd4 Rxd4+ 30. Ke3 Rdc4 $19) (27. Rbb2 $17) 27... d4 $19 28. exd4 Rxd4+ 29. Ke3 Bxb3 30. axb3 Rb4 31. e6 (31. Nd5 {was worth a try.} Rb5 (31... Rxb3+ $2 32. Kf2 $19) 32. Nxe7+ Kf8 33. Nc8) 31... Nf6 {[%emt 0:01:47] Weighted Error Value: White=0.41/Black=0.13 (very precise) .  Loses game:     	White=1     	---        Mistake:       	White=4     	Black=1      Inaccurate:     	White=1     	Black=1      OK:         	White=7     	Black=12     Best:        	White=1     	Black=2      Strong:       	---       	Black=1} 0-1

[Event "4NCL 2023-2024"]
[Site "Daventry"]
[Date "2024.05.05"]
[Round "10.38"]
[White "Garcia Martin, Marta"]
[Black "Mirzoeva, Elmira"]
[Result "0-1"]
[ECO "B11"]
[WhiteElo "2342"]
[BlackElo "2252"]
[Annotator "TA"]
[PlyCount "76"]
[EventDate "2023.11.11"]
[EventType "team-tourn"]
[EventCountry "ENG"]
[SourceTitle "playchess.com"]
[Source "ChessBase"]
[SourceQuality "1"]
[TimeControl "40/6000+30:3000+30"]

1. e4 c6 2. Nf3 d5 3. Nc3 Nf6 4. e5 Ne4 5. Ne2 Qb6 6. d4 {[%emt 0:00:07] B11: Caro-Kann: Two Knights Variation.} e6 {[%emt 0:00:41] 6...e6 has become a bit dusty these days.} 7. Ng3 c5 8. Bd3 Nc6 9. Nxe4 dxe4 10. Bxe4 Nxd4 11. Nxd4 cxd4 12. O-O Bd7 13. Qg4 $146 ({Predecessor:} 13. Qf3 Bc6 14. Bxc6+ Qxc6 15. Qxc6+ bxc6 16. Rd1 Rd8 17. f4 Bc5 18. Kf2 d3+ 19. Be3 Bxe3+ 20. Kxe3 dxc2 {1-0 Chen,Q (2493)-Leeb,S (2207) FIDE World Uni Rapid-D 1st 2021 (9)}) 13... g6 14. a4 a5 15. Bg5 Bg7 16. Qf4 Bc6 17. Bxc6+ bxc6 18. Ra3 Qc5 19. Re1 Rb8 20. Rf3 Rf8 $2 {[%emt 0:00:24] [#]} (20... O-O $11) 21. b3 (21. Rd3 $1 $18 h6 22. Bf6 (22. Bxh6 Bxh6 23. Qxh6 Rxb2 $14) 22... Bxf6 23. exf6 (23. Qxf6 Qd5 $14)) 21... Rb4 {[%emt 0:02:39] [#]} (21... Rb7 $16 {is a better defense.}) 22. Rd3 $1 $18 h6 23. Bf6 (23. Bxh6 Bxh6 24. Qxh6 Qxc2 $14) 23... Bxf6 24. exf6 (24. Qxf6 Qxc2 25. Red1 Qe2 $15 (25... Rxb3 $2 26. Rxd4 $18) (25... c5 26. Qf3 $11)) 24... Kd7 (24... Qxc2 25. Qc7 (25. Rxd4 Qc3 $18) (25. Rxd4 Qc3 $18)) 25. c4 Kc8 26. Re5 (26. Rxd4 $18 {aiming for Red1.} Rxb3 27. Qxh6) 26... Qxc4 $14 27. Rd1 $2 (27. Rxa5 g5 (27... Qxd3 $2 28. h3 $18) 28. h4 (28. bxc4 $2 Rb1+) (28. Ra8+ $2 Kb7 $19) 28... gxf4 $11 (28... Qxd3 29. Qd6 Qc3 30. Qxf8+ Kc7 31. Ra7+ Rb7 32. Qe7+ Kb6 33. Rxb7+ Ka6 34. Ra7+ Kb6 35. a5+ Kb5 36. Rb7+ Ka6 37. Rb6+ Kxa5 38. Qa7#)) (27. Qxh6 $2 Rd8 28. Qd2 (28. bxc4 Rb1+) 28... Rxb3 29. Rxb3 Qxb3 $19) (27. h3 $1 $14 {keeps the upper hand.} Qa6 (27... Qxd3 $2 28. Rxa5 Qd1+ 29. Kh2 $16) 28. Rxd4 Rxd4 29. Qxd4) 27... Qxb3 $19 (27... Rxb3 28. Rxa5 Kb7 29. Qd6 $14 (29. Rxd4 $2 Rb1+) (29. Qxh6 $2 Qb4 $19)) 28. Rde1 $2 (28. Rc1 {was worth a try.} Rc4 (28... Rxa4 29. Rec5 Kd7 30. Rxc6) 29. Rf1 (29. Rxa5 $2 g5 $19)) 28... Rd8 (28... Rxa4 $2 29. Rc5 Kb7 30. Rec1 $19) (28... d3 $142 29. Qe3 Rd8 (29... Qxa4 30. Qxd3 Rd8 31. Qa6+ Kc7 32. g3 $15) (29... Rxa4 $2 30. Qc5 $18) 30. Rxa5 Rdd4 (30... Rxa4 $2 31. Rc5 $19)) 29. Rxa5 $19 Kb7 $2 (29... Rxa4 30. Rc1 Rd7 (30... Rxa5 31. Rxc6+ Kb7 32. Qc7+ Ka8 33. Qxa5+ Kb8 34. Qc7+ Ka8 35. Ra6#) 31. Rac5 $17) (29... d3 $19 30. Ra8+ Kb7 31. Ra7+ Kxa7 32. Qc7+ Ka6 33. Qxd8 Qc3 (33... Qxa4 34. Qxd3+ Rb5 35. g3 $16) (33... Qd5 34. Qa8+ Kb6 35. Qb8+ Kc5 36. Rc1+ Rc4 37. Qa7+ Kd6 38. Re1 $11)) 30. Rc5 $2 (30. Ra7+ $1 $11 {and White stays safe.} Kxa7 31. Qc7+ Ka6 32. Qxd8) 30... d3 $19 (30... Rxa4 $2 31. Qe4 Ka7 32. Qxc6 $18 (32. Rxc6 d3 $18)) (30... Qxa4 31. Qd2) 31. Qf3 (31. Qd2 $142) 31... Rd5 $19 32. Rxd5 Qxd5 33. Qd1 d2 34. Re2 Rb2 (34... Qd3 $142 35. Rxd2 Qxd2 36. Qf1 Qc2 (36... Rxa4 $2 37. g3 $19) 37. h3 Rb1 (37... Qxa4 $2 38. Kh2 $19) 38. g4 c5 (38... Rxf1+ {leads to mate.} 39. Kxf1 c5 40. Kg2 c4 41. Kf3 Qd3+ 42. Kg2 c3 43. h4 c2 44. a5 c1=Q 45. a6+ Kxa6 46. f3 Qdf1+ 47. Kg3 Qg1+ 48. Kh3 Qcf1#) (38... Qd3 {is a self mate.} 39. Qxb1+ Qxb1+ 40. Kg2 c5 41. g5 hxg5 42. Kh2 c4 43. Kg3 c3 44. Kg4 Qg1+ 45. Kf3 c2 46. Ke4 c1=Q 47. a5 Qg2+ 48. Kd3 Qf3+ 49. Kd4 Qd5#) 39. Kg2 Rxf1 40. Kxf1 c4 (40... Qxa4 41. Kg1 c4 42. Kf1 c3 43. Ke2 Qe4+ 44. Kd1 Qd3+ 45. Ke1 c2 46. f3 c1=Q+ 47. Kf2 Qdd2+ 48. Kg3 Qce1#) 41. Kg2 c3 (41... Qxa4 {gets mated.} 42. Kf3 c3 43. Ke2 Qd4 44. Kf3 c2 45. Kg2 c1=Q 46. g5 Qe4+ 47. f3 Qe2+ 48. Kg3 Qxg5#) 42. h4 Qxa4 43. h5 c2 (43... Qxg4+ 44. Kh2 c2 45. f3 Qh4+ 46. Kg2 c1=Q 47. hxg6 Qch1#) 44. Kh3 c1=Q (44... c1=B 45. hxg6 Qe4 46. Kh2 Bg5 47. Kg1 Qf3 48. gxf7 Bh4 49. f8=Q Bxf2+ 50. Kf1 Bd4+ 51. Ke1 Bc3#) 45. f3 Qaf4 46. Kg2 Qc2+ 47. Kh3 Qfh2#) 35. h4 c5 36. Kh2 c4 37. Re3 Qd4 38. a5 c3 0-1

[Event "4NCL 2023-2024"]
[Site "Daventry"]
[Date "2024.05.05"]
[Round "10.39"]
[White "Kazarian, Anna-Maja"]
[Black "Roberson, Peter T"]
[Result "0-1"]
[ECO "B59"]
[WhiteElo "2182"]
[BlackElo "2426"]
[Annotator "TA"]
[PlyCount "50"]
[EventDate "2023.11.11"]
[EventType "team-tourn"]
[EventCountry "ENG"]
[SourceTitle "playchess.com"]
[Source "ChessBase"]
[SourceQuality "1"]
[TimeControl "40/6000+30:3000+30"]

1. e4 c5 2. Nf3 d6 3. d4 cxd4 4. Nxd4 Nf6 5. Nc3 Nc6 6. Be2 e5 7. Nb3 Be7 8. Be3 O-O 9. O-O Be6 10. Qd2 a5 11. a4 Nb4 12. f4 {[%emt 0:11:35] [#]} Rc8 $1 13. Rad1 $2 {[%emt 0:09:37] [#]} (13. Bf3 $17) 13... Rxc3 $1 $19 14. bxc3 Nxe4 {[%emt 0:00:11] Black is clearly better.} 15. Qc1 Nxc3 16. Bb5 Nxd1 17. Qxd1 Qc7 18. Bd2 Nxc2 ({Not} 18... Qxc2 19. Nxa5 Qb2 20. f5 $19) 19. Nxa5 Nd4 {[%emt 0:00:31] Dodges Qf3} 20. Qb1 Nxb5 21. Qxb5 Qc2 22. Bb4 Qe4 {[%emt 0:08:55] Threatens to win with ...Bd5.} 23. fxe5 Bd5 24. Rf2 Bh4 {[%emt 0:08:15] This pair of bishops is nice.} 25. Rd2 Qe3+ {[%emt 0:00:37] White got outplayed after the opening.   Weighted Error Value: White=1.59/Black=0.07 (flawless) .  Loses game:     	White=1     	---        Inaccurate:     	White=3     	---        OK:         	White=3     	Black=7      Best:        	---       	Black=1} 0-1

[Event "4NCL 2023-2024"]
[Site "Daventry"]
[Date "2024.05.05"]
[Round "10.40"]
[White "Grieve, Harry"]
[Black "Josse, Mark"]
[Result "1-0"]
[ECO "C78"]
[WhiteElo "2476"]
[BlackElo "2153"]
[Annotator "TA"]
[PlyCount "121"]
[EventDate "2023.11.11"]
[EventType "team-tourn"]
[EventCountry "ENG"]
[SourceTitle "playchess.com"]
[Source "ChessBase"]
[SourceQuality "1"]
[TimeControl "40/6000+30:3000+30"]

1. e4 e5 2. Nf3 Nc6 3. Bb5 a6 4. Ba4 Nf6 5. O-O b5 6. Bb3 Bc5 7. a4 Bb7 8. c3 d6 9. d4 Bb6 10. Re1 h6 11. Be3 $1 O-O 12. d5 Na5 13. Bxb6 {[%emt 0:00:16] White is better.} cxb6 14. axb5 axb5 15. Bc2 Nc4 16. Rxa8 Qxa8 17. Qc1 Qa2 18. b3 Na5 19. Nfd2 {[%emt 0:08:52] Hoping for Na3.} Rc8 20. b4 $1 Nc4 21. Bb3 Qa6 22. Nf1 Ra8 23. Nbd2 Bc8 24. f3 Bd7 25. Ne3 Nxe3 26. Rxe3 Nh5 27. g3 g6 28. Re2 Kg7 29. Nf1 Qa1 30. Re1 Qxc1 31. Rxc1 f5 32. Nd2 Nf6 33. c4 fxe4 34. fxe4 g5 35. cxb5 Bxb5 36. Rc7+ Kg6 37. Rb7 Ra1+ 38. Kf2 Ng4+ 39. Kf3 $2 (39. Kg2 $11) 39... Nxh2+ $19 40. Kg2 {[%emt 0:00:04] [#]} Nf1 (40... Ng4 $1 $19 {Threatens to win with ...Bd3.} 41. Rxb6 Bd3 42. Rxd6+ Kh5) 41. Nxf1 $11 Bxf1+ {[%emt 0:06:29][%mdl 4096] Endgame. KRB-KRB} 42. Kf2 Bd3 43. Rxb6 Bxe4 44. Rxd6+ Kf5 45. Rd8 Rb1 46. Rf8+ Kg4 {[%emt 0:01:59] [#]} 47. d6 $1 Rb2+ $1 (47... Rxb3 48. d7 Rb2+ 49. Ke3 Rb3+ 50. Kxe4 Rxb4+ 51. Kxe5 Rb5+ 52. Ke4 Rb4+ 53. Ke3 Rb3+ 54. Kd2 Rb2+ 55. Kc3) 48. Ke1 Rxb3 {[%emt 0:07:14][%mdl 8192] KRB-KR} (48... Bc6 $1 $11 {and Black stays safe.} 49. Be6+ Kxg3) 49. d7 $18 Rd3 50. d8=Q Rxd8 51. Rxd8 Kxg3 {[%emt 0:00:08] KR-KB} 52. Rh8 {[%emt 0:01:06][%cal Ob4b5] b5! would kill now.} g4 $2 (52... Bd3 $18 53. Kd2 (53. Rxh6 Kf4 $18) 53... e4) 53. b5 {[%emt 0:05:58][%cal Bb4b5,Bb5b6,Bb6b7][%mdl 32] White mates.} Kf4 54. Rxh6 g3 55. b6 Kf3 56. Kf1 Ke3 57. Rh4 Bf3 58. Rh7 Kd2 59. Rd7+ Ke3 60. b7 g2+ 61. Kg1 {[%emt 0:00:02] Quite a comeback for White.   Weighted Error Value: White=0.17 (very precise) /Black=0.39.  Loses game:     	White=1     	Black=1      Missed win:     	---       	Black=1      Mistake:       	White=1     	Black=1      Inaccurate:     	White=2     	Black=1      OK:         	White=14    	Black=15     Best:        	White=6     	Black=7      Strong:       	White=1     	Black=1} 1-0

[Event "4NCL 2023-2024"]
[Site "Daventry"]
[Date "2024.05.05"]
[Round "10.41"]
[White "Olson, Hamish"]
[Black "Claridge-Hansen, William"]
[Result "1/2-1/2"]
[ECO "E06"]
[WhiteElo "2373"]
[BlackElo "2360"]
[Annotator "TA"]
[PlyCount "91"]
[EventDate "2023.11.11"]
[EventType "team-tourn"]
[EventCountry "ENG"]
[SourceTitle "playchess.com"]
[Source "ChessBase"]
[SourceQuality "1"]
[TimeControl "40/6000+30:3000+30"]

1. d4 Nf6 2. c4 e6 3. g3 d5 4. Nf3 Be7 5. Bg2 O-O 6. O-O c6 7. Qc2 b6 8. Nbd2 Bb7 9. e4 Na6 10. a3 c5 11. exd5 exd5 12. dxc5 {[%emt 0:00:22] The position is equal.} Nxc5 13. b4 Ne6 14. Bb2 Rc8 15. Ne5 Qc7 16. Rac1 d4 17. Bxb7 Qxb7 18. Qf5 g6 19. Qf3 Qc7 20. Rfe1 Nd7 $1 21. Nxd7 Qxd7 22. Qd5 Rfd8 23. Qxd7 Rxd7 24. Nf3 Bf6 25. Red1 h5 26. h4 Bg7 27. Rd3 a5 28. Kf1 axb4 29. axb4 Rdc7 30. Nd2 Bh6 {[%emt 0:04:20] next ...Bxd2 is good for Black.} 31. f4 Bf8 32. Rb3 Ra7 33. Ra1 {[%emt 0:01:21] Prevents Ra4.} Rxa1+ 34. Bxa1 Ra8 35. Bb2 Ra4 36. Ba3 Ng7 37. Ne4 Be7 {[%emt 0:00:59] Inhibits Nf6+.} 38. Ke2 Nf5 39. Kd3 Ra8 40. c5 bxc5 41. bxc5 Kf8 $1 42. Bb2 Ke8 $1 43. Bxd4 Rd8 44. Rb4 Bf8 $1 45. Nf6+ Ke7 46. Rb7+ {[%emt 0:00:00] Weighted Error Value: White=0.02 (flawless) /Black=0.05 (flawless) .  Inaccurate:     	White=1     	Black=2      OK:         	White=24    	Black=15     Strong:       	---       	Black=4} (46. c6 $5 Rc8 (46... Nxg3 $2 {is the wrong capture.} 47. c7 $18) (46... Rxd4+ $2 47. Rxd4 Nxd4 48. c7 $18) 47. c7 (47. Rb7+ Kd6 $17) 47... Rxc7 48. Nd5+ Kd7 49. Rb8 $11) 1/2-1/2

[Event "4NCL 2023-2024"]
[Site "Daventry"]
[Date "2024.05.05"]
[Round "10.42"]
[White "Khoury, Theo"]
[Black "Waldhausen Gordon, Frederick"]
[Result "0-1"]
[ECO "C45"]
[WhiteElo "2071"]
[BlackElo "2358"]
[Annotator "TA"]
[PlyCount "112"]
[EventDate "2023.11.11"]
[EventType "team-tourn"]
[EventCountry "ENG"]
[SourceTitle "playchess.com"]
[Source "ChessBase"]
[SourceQuality "1"]
[TimeControl "40/6000+30:3000+30"]

1. e4 e5 2. Nf3 Nc6 3. d4 exd4 4. Nxd4 Nf6 5. Nxc6 bxc6 6. e5 Qe7 7. Qe2 Nd5 8. h4 Qe6 9. Nd2 a5 10. Nf3 Ba6 {[%emt 0:02:26] Black is slightly better.} 11. c4 Qg4 ({Black should try} 11... Bb4+ $15 12. Kd1 Nb6) 12. h5 $11 Nf4 13. Bxf4 Qxf4 {[%emt 0:00:36] [#]} 14. h6 $1 g6 15. g3 (15. Rh4 $14 Qf5 (15... Bb4+ $2 16. Kd1 $18) 16. a3) 15... Bb4+ 16. Kd1 Qg4 {[%emt 0:00:06][%cal Oa6c4] Strongly threatening ...Bxc4!} 17. Rh4 Qe6 18. Bh3 Qe7 19. Re4 (19. a3 $11 Bc5 20. Qd2) 19... O-O-O (19... O-O $17) 20. a3 Bc5 {[%emt 0:00:52] [#]} 21. b4 $1 $132 {[%emt 0:03:40][%mdl 2048] White puts up resistance} Bb6 (21... Ba7 22. Ke1) 22. Rb1 Rhe8 23. Nd2 (23. bxa5 {is interesting.} f5 24. axb6 fxe4 25. Qe3) 23... axb4 24. axb4 {[%emt 0:00:27] And now Ra1 would win.} c5 $1 25. b5 Bb7 26. Re3 Ba5 27. Ra1 $1 Bb4 28. Bg4 (28. Ke1 $14) 28... f5 (28... f6 $11) 29. Bf3 $16 c6 30. Kc2 (30. Ra7 $16) 30... Kc7 $1 $11 31. Nb3 Ra8 32. Rxa8 Rxa8 33. Kb1 {[%emt 0:00:36] Wards off Ra2. e6 is the strong threat.} Qe6 34. Qd3 {[%emt 0:02:19] [#]} (34. bxc6 $11 {keeps the balance.} dxc6 (34... Bxc6 35. Bxc6 Qxc6 36. e6 $11) 35. Rd3) 34... Rf8 (34... cxb5 $1 $17 {aiming for ...Bxf3.} 35. Qd6+ Qxd6 36. exd6+ Kb6 37. Bxb7 Kxb7 38. cxb5 c4) 35. Re2 (35. bxc6 $11 dxc6 36. Be2) 35... g5 36. Bg2 g4 37. bxc6 ({White should play} 37. Nd2 $15) 37... dxc6 $17 38. Qd6+ (38. Qe3 {is a better defense.} Rd8 39. Rc2 (39. Nxc5 $2 {perishes.} Qxc4 40. Rc2 Bxc5 $19)) 38... Qxd6 $19 39. exd6+ Kxd6 40. Kc2 Rf6 41. Nc1 Rxh6 42. Nd3 Bc8 43. Nf4 Bd7 44. Kd3 Rh2 45. Ra2 Be1 46. Ke2 Bc3 47. Kf1 Be5 48. Rd2+ {[%emt 0:00:00] [#]} Kc7 $1 49. Nd3 Bd4 50. Nf4 Be5 51. Nd3 $1 Bd6 52. Re2 (52. Kg1 $142 Rh6 53. Ra2) 52... Rh6 53. Ne5 $2 (53. Rc2) 53... Be6 {[%emt 0:01:21] White must now prevent ...Bxe5. Black is clearly winning.} 54. Ke1 Bxe5 55. Rxe5 Kd6 (55... Bxc4 56. Rxc5 Re6+ 57. Kd2 Re2+ 58. Kc3 $17) 56. Re3 Bxc4 {[%emt 0:00:04] Weighted Error Value: White=0.30/Black=0.22 (precise) .  Mistake:       	White=10    	Black=4      Inaccurate:     	White=2     	Black=4      OK:         	White=18    	Black=21     Best:        	White=3     	Black=4      Strong:       	White=2     	Black=2} 0-1

[Event "4NCL 2023-2024"]
[Site "Daventry"]
[Date "2024.05.05"]
[Round "10.43"]
[White "Gourlay, Iain"]
[Black "Zakarian, David"]
[Result "0-1"]
[ECO "D78"]
[WhiteElo "2310"]
[BlackElo "2293"]
[Annotator "TA"]
[PlyCount "92"]
[EventDate "2023.11.11"]
[EventType "team-tourn"]
[EventCountry "ENG"]
[SourceTitle "playchess.com"]
[Source "ChessBase"]
[SourceQuality "1"]
[TimeControl "40/6000+30:3000+30"]

1. c4 Nf6 2. g3 g6 3. Bg2 Bg7 4. Nf3 O-O 5. O-O c6 6. b3 Ne4 7. d4 d5 8. Bb2 Be6 9. Nbd2 Nxd2 10. Qxd2 h6 11. Ne5 Nd7 12. cxd5 cxd5 13. Qe3 {[%emt 0:11:42][%cal Oe5g6] White is slightly better.} Nxe5 14. dxe5 Qa5 15. Rfd1 Rac8 16. Qd2 {[%emt 0:03:47] Inhibits Rc2.} Qa6 17. Bxd5 Bxd5 18. Qxd5 Qxe2 19. Rd2 Qa6 20. e6 Qxe6 (20... fxe6 {with more complications.} 21. Qd7 Bxb2 22. Rxb2 Kf7) 21. Bxg7 Kxg7 (21... Qxd5 22. Rxd5 Kxg7 23. Rd7) 22. Qxe6 fxe6 $11 {[%emt 0:00:18][%mdl 4096] Endgame. KRR-KRR} 23. Rd7 Rc2 24. f4 Kf6 {[%emt 0:04:06] White is now going downhill.} 25. a4 a5 26. Rxb7 {[%emt 0:01:52] [#]} (26. Re1 $17) 26... Rd8 $1 $19 27. Rb5 (27. b4 $142) 27... Rdd2 28. Rxa5 {[%emt 0:01:10] [#]} Rg2+ $1 29. Kh1 Rxh2+ 30. Kg1 Rcg2+ 31. Kf1 Rxg3 32. b4 h5 {[%emt 0:00:41] ...h4 is the strong threat.} 33. b5 $2 (33. Rg5 $19 Rh1+ (33... Rxg5 $2 34. fxg5+ Kxg5 35. Re1 $19) 34. Kf2 Rxa1 35. Rxg3 Ra2+ (35... Rxa4 $2 36. Rb3 $19) 36. Kf1 Rxa4 37. Rb3) 33... Rb3 (33... h4 $142 34. b6 Rh1+ 35. Kf2 Rxa1 36. Re5 Ra2+ (36... Rxa4 $2 37. Re2 $19) 37. Re2 Rxe2+ (37... Rxa4 $2 38. f5 $19) 38. Kxe2 h3 (38... Rg2+ 39. Kf3 Rg3+ 40. Kf2 Rb3 41. b7 Rxb7 42. a5 h3 43. a6 Rb2+ 44. Kg1 Kf5 45. a7 Ra2 46. a8=B Rxa8 47. Kf2 h2 48. Ke3 h1=Q 49. Kd3 Ra3+ 50. Kc4 Qd5+ 51. Kb4 Rb3+ 52. Ka4 Qb5#) (38... Rb3 39. Kf1 h3 40. Kg1 Kf5 41. b7 Kxf4 42. Kf2 h2 43. Ke2 h1=Q 44. b8=R Qg2+ 45. Kd1 Rxb8 46. Kc1 Rh8 47. Kd1 Rh1#) 39. Kf2 Rb3 (39... Rg2+ 40. Kf1 Rb2 41. Kg1 Kf5 42. b7 Rxb7 43. Kf2 Kxf4 44. Ke2 h2 45. Kd3 h1=Q 46. Kd2 Qg2+ 47. Kc1 Ke3 48. Kd1 Qd2#) 40. a5 Kf5 41. b7 Rxb7 (41... Kxf4 42. Ke2 h2 43. Kd2 h1=Q 44. b8=R Rxb8 45. Kc3 Qc1+ 46. Kd3 Rd8+ 47. Ke2 Rd2#) 42. Kg3 Rb3+ 43. Kh2 Kxf4 44. a6 Rb2+ (44... Ra3 45. Kg1 Kg3 46. Kf1 h2 47. Ke2 h1=Q 48. Kd2 Qh2+ 49. Ke1 Ra1#) 45. Kxh3 g5 (45... Rb3+ 46. Kg2 Ra3 47. a7 Rxa7 48. Kf2 Ra2+ 49. Ke1 g5 50. Kd1 g4 51. Kc1 g3 52. Kb1 Rf2 53. Kc1 g2 54. Kd1 g1=Q#) 46. a7 g4+ 47. Kh4 Rh2#) 34. Kg1 Rhb2 (34... Rbb2 $142 {( -> ...h4)} 35. b6 h4) 35. Ra8 Kf5 {[%emt 0:01:12] Hoping for ...Rg3+.} 36. Rf8+ $2 (36. Rc8) 36... Kg4 37. Rg8 (37. Rc8 $19 e5 (37... Kxf4 $2 38. Rc4+ Kg3 39. Rac1 $17) 38. f5 gxf5 39. Kf1) 37... Rg3+ {[%emt 0:00:14] Black mates.} ({And not} 37... Kxf4 38. Rxg6 Kf5 39. Rg7 $11 (39. Rg2 e5 $15)) 38. Kf1 Kh3 ({Not} 38... Kxf4 39. Rf8+ Kg5 40. a5 $17) 39. Re1 Rgg2 40. Rxe6 Kh2 41. Rgxg6 Rb1+ 42. Re1 Rxe1+ 43. Kxe1 Rxg6 44. a5 Rg1+ 45. Kd2 Rb1 46. b6 Rb5 {[%emt 0:00:28] Weighted Error Value: White=0.65/Black=0.27 (precise) .  Mistake:       	White=5     	Black=1      Inaccurate:     	White=4     	---        OK:         	White=6     	Black=7      Best:        	White=1     	Black=8      Strong:       	---       	Black=2} 0-1

[Event "4NCL 2023-2024"]
[Site "Daventry"]
[Date "2024.05.05"]
[Round "10.44"]
[White "Macfarlane, Donald"]
[Black "Berry, Neil"]
[Result "1/2-1/2"]
[ECO "A13"]
[WhiteElo "2184"]
[BlackElo "2260"]
[Annotator "TA"]
[PlyCount "47"]
[EventDate "2023.11.11"]
[EventType "team-tourn"]
[EventCountry "ENG"]
[SourceTitle "playchess.com"]
[Source "ChessBase"]
[SourceQuality "1"]
[TimeControl "40/6000+30:3000+30"]

1. c4 e6 2. Nf3 d5 3. g3 Nf6 4. Bg2 d4 5. d3 Be7 6. O-O Nc6 7. e3 O-O 8. exd4 Nxd4 9. Nxd4 Qxd4 10. Nc3 e5 11. Be3 Qd8 12. h3 c6 13. d4 exd4 14. Qxd4 Be6 15. Qxd8 Rfxd8 16. b3 Bf5 17. Rfd1 Bd3 {[%emt 0:13:11] [#]} (17... a5 $11) 18. Nd5 $1 $14 cxd5 (18... Nxd5 $2 {perishes.} 19. cxd5 Bc2 20. Rd2 $18) 19. Rxd3 dxc4 20. Rxd8+ Rxd8 21. bxc4 b6 22. a4 Rc8 23. a5 g6 24. axb6 {[%emt 0:07:24] Weighted Error Value: White=0.04 (flawless) /Black=0.10 (very precise) .  Mistake:       	---       	Black=1      Inaccurate:     	White=1     	Black=1      OK:         	White=12    	Black=8      Best:        	---       	Black=1} 1/2-1/2

[Event "4NCL 2023-2024"]
[Site "Daventry"]
[Date "2024.05.05"]
[Round "10.45"]
[White "Shafi, Declan"]
[Black "Powierski, Emil"]
[Result "0-1"]
[ECO "D02"]
[WhiteElo "2226"]
[BlackElo "2282"]
[Annotator "TA"]
[PlyCount "128"]
[EventDate "2023.11.11"]
[EventType "team-tourn"]
[EventCountry "ENG"]
[SourceTitle "playchess.com"]
[Source "ChessBase"]
[SourceQuality "1"]
[TimeControl "40/6000+30:3000+30"]

1. Nf3 d5 2. g3 Nf6 3. Bg2 c5 4. O-O e6 5. d4 cxd4 6. Nxd4 e5 7. Nb3 Nc6 8. Bg5 Be6 9. Nc3 d4 10. Ne4 Be7 11. Nec5 Bxc5 12. Nxc5 Qe7 13. Nd3 {[%emt 0:06:41] White is slightly better.} h6 14. Bxf6 gxf6 15. f4 Qd6 16. Rc1 (16. fxe5 $14 fxe5 17. Qd2) 16... Bd5 (16... h5 $1 $11) 17. e4 Bc4 18. Bh3 (18. fxe5 $16 Nxe5 19. Rf5) 18... h5 $1 $11 19. fxe5 fxe5 (19... Nxe5 {looks sharper.} 20. Rf4 Ke7 21. Kh1 Rag8) 20. b3 Be6 21. Bxe6 Qxe6 (21... fxe6 $14 22. h4 O-O-O) 22. Qf3 (22. Rf5 $16) 22... h4 23. Qf6 (23. g4 $1 $14) 23... Qxf6 24. Rxf6 hxg3 25. hxg3 Ke7 26. Rcf1 Rh7 27. R1f2 Rg8 28. R6f3 Rg6 29. Rh2 Rxh2 30. Kxh2 $17 {[%emt 0:00:08][%mdl 4096] Endgame. KRN-KRN} b6 31. Rf5 Rh6+ 32. Kg2 f6 33. Rf1 Ke6 34. a3 (34. c3 $11 {keeps the balance.}) 34... Nd8 (34... Rh8 $17 35. Nf2 Na5) 35. Nb4 {[%emt 0:03:58] Black continues to play with concentration.} (35. c3 $11 {remains equal.}) 35... Nf7 36. c3 dxc3 {[%emt 0:01:43] [#] Hoping for ...Ng5.} 37. Nd5 c2 38. Rc1 Ng5 39. Rxc2 Nxe4 40. Nc3 (40. Ne3 $17 {was worth a try.}) 40... Nd6 41. a4 (41. Nd1 $142) 41... Rg6 $19 {[%emt 0:11:22] Threatens to win with ...Nf5.} 42. Rd2 Rg4 43. Rd3 Rd4 {[%emt 0:01:18] Against Nd5} 44. Rf3 Rd2+ 45. Kf1 (45. Rf2 $142 Rd4 46. Nb1) 45... Rb2 46. Nd1 Rb1 47. Ke2 Nf5 {[%emt 0:00:18] [#] ...Nd4+ would now be deadly.} 48. Kd2 Nd4 49. Rd3 Rxb3 50. Nc3 Rb2+ 51. Kc1 Rg2 52. Nb5 Nxb5 53. axb5 {[%emt 0:00:00] KR-KR} Ra2 {[%emt 0:02:41] Strongly threatening ...f5.} 54. Kb1 Ra4 {[%emt 0:00:15] aiming for ...e4.} 55. Kc2 Rc4+ 56. Kb3 Rd4 57. Rc3 e4 58. Rc8 Rd3+ 59. Kc4 Rxg3 {[%emt 0:00:52] Black mates.} 60. Kd4 Kf5 61. Rh8 Rd3+ 62. Kc4 Rd7 63. Rh4 Ke5 64. Rh8 Rc7+ {[%emt 0:00:10] Weighted Error Value: White=0.51/Black=0.14 (very precise) .  Mistake:       	White=9     	Black=3      Inaccurate:     	White=2     	Black=3      OK:         	White=9     	Black=22     Best:        	White=3     	Black=2      Strong:       	---       	Black=1} 0-1